Unix NetHack Version 5.0.0-0 post-release - last build May 31 2026 23:59:36 (970b52f25bf058293b47ddfd14a1e40e571c508c,branch:main).

Game began 2026-06-04 13:23:46, ended 2026-06-04 13:47:36.

DiePARTEI, neutral female human Tourist

                         ------            --- -------
                        --.|.|.--         --.---.--..--
                        |........---    ---..@........--
                        |..........--  --.....@........|
                          -.........----..........---..|
                         --..........|..........@.|  ---
                        --.............).......)..---
                        -...........--.)(...........|
                          -.........--...*..........-
                         -.............)..--......d..-
                          --............%.|----..--......
                           |........%).%..|   ----|.........
                           --.............|       --............
                            ---...<......--         ................
                              |..........|          -.-........| ..-
                              -..........|           -. ..|.|.--   |
                             |...|.......|            . -------
                             -...|.......-            --
                             ... .........
                            --.-----.------
                             --    ---
DiePARTEI the Excursionist  St:14 Dx:12 Co:16 In:12 Wi:8 Ch:12  Neutral
Dlvl:6  $:0  HP:0(48) Pw:21(21) AC:-1 Xp:6 T:2140  Burdened

Latest messages:
 The Woodland-elf hits!
 The dog misses the Woodland-elf.
 What do you want to drink? [CIVX or ?*] I
 You feel better.
 The dog misses the Woodland-elf.
 You hit the Woodland-elf.
 The Woodland-elf swings her runed bow.
 The Woodland-elf hits!
 The Woodland-elf swings his runed broadsword.
 The Woodland-elf just misses!
 The dog bites the Woodland-elf.
 The Woodland-elf swings her runed bow at the dog.
 The Woodland-elf hits the dog.
 You miss the Woodland-elf.
 The Woodland-elf swings her runed bow.
 The Woodland-elf hits!
 The Woodland-elf swings his runed broadsword.
 The Woodland-elf hits!
 What do you want to drink? [CIVX or ?*] I
 You feel better.
 The Woodland-elf swings her runed bow.
 The Woodland-elf misses!
 The Woodland-elf swings his runed broadsword.
 The Woodland-elf misses!
 You miss the Woodland-elf.
 The Woodland-elf swings her runed bow.
 The Woodland-elf hits!
 The Woodland-elf swings his runed broadsword.
 The Woodland-elf hits!
 The Woodland-elf picks up 2 runed arrows.
 Your dog eats a Woodland-elf corpse.
 The Woodland-elf picks up a runed spear.
 In what direction? 3
 The dart hits the Woodland-elf!
 The Woodland-elf puts on a faded pall.
 The Woodland-elf throws a runed spear!
 The runed spear misses the Woodland-elf.
 A runed spear misses you.
 The Woodland-elf picks up a +2 dart.
 The Woodland-elf picks up a runed spear.
 In what direction? 3
 The dart hits the Woodland-elf.
 The Woodland-elf swings his runed broadsword.
 The Woodland-elf hits!
 You die...
 Do you want your possessions identified? [ynq] (y) y
 Do you want to see your attributes? [ynq] (y) y
 Do you want an account of creatures vanquished? [ynaq] (y) y
 Do you want to see your conduct and achievements? [ynq] (y) y
 Do you want to see the dungeon overview? [ynq] (y) y

Inventory:
 Amulets  ('"')
  j - a cursed amulet of restful sleep
 Weapons  (')')
  a - 20 +2 darts (at the ready)
  v - 51 +0 darts
  T - 8 +0 shuriken
  Y - a +2 dagger
  Q - 3 +0 daggers
  S - a cursed +0 dagger
 Armor    ('[')
  U - an uncursed +0 helm of telepathy
  t - a cursed -1 orcish helm (being worn)
  R - an uncursed +1 pair of leather gloves (being worn)
  O - an uncursed +0 pair of iron shoes (being worn)
  g - an uncursed +0 Hawaiian shirt with a parrot motif (being worn)
  J - an uncursed +1 banded mail (being worn)
 Comestibles  ('%')
  p - an uncursed cream pie
  b - 5 uncursed food rations
  c - 5 uncursed fortune cookies
  D - 2 uncursed pancakes
  d - 3 uncursed tripe rations
 Scrolls  ('?')
  G - an uncursed scroll of charging
  o - an uncursed scroll of enchant weapon
  F - a cursed scroll of enchant weapon
  f - 4 uncursed scrolls of magic mapping
  B - an uncursed scroll of teleportation
 Spellbooks  ('+')
  W - an uncursed spellbook of identify
  m - an uncursed spellbook of light
 Potions  ('!')
  C - an uncursed potion of gain energy
  X - an uncursed potion of object detection
  V - an uncursed potion of paralysis
 Wands    ('/')
  x - a wand of speed monster (0:3)
  e - a wand of teleportation (0:7)
 Tools    ('(')
  s - an uncursed bag of holding containing 1 item
  i - an uncursed credit card
  h - an expensive camera (0:75)
  y - an uncursed lock pick
  P - a +0 pick-axe
 Gems/Stones  ('*')
  Z - an uncursed fluorite stone
  N - an uncursed jasper stone
  k - an uncursed worthless piece of green glass

Contents of the bag of holding:
  596 gold pieces

DiePARTEI the Tourist's attributes:

Background:
 You were an Excursionist, a level 6 female human Tourist.
 You were neutral, on a mission for The Lady
 who was opposed by Blind Io (lawful) and Offler (chaotic).
 You were left-handed.
 You were in the Gnomish Mines, on level 6.
 You entered the dungeon 2140 turns ago.
 You had 346 experience points, 294 more were needed to attain level 7.

Basics:
 You had 0 out of 48 hit points.
 You had all 21 energy points (spell power).
 Your armor class was -1.
 Your wallet was empty, but
 you had 596 zorkmids stashed away in your pack.
 Autopickup was off.

Final Characteristics:
 Your strength was 14 (limit:18/100).
 Your dexterity was 12 (limit:18).
 Your constitution was 16 (peak:17, limit:18).
 Your intelligence was 12 (limit:18).
 Your wisdom was 8 (limit:18).
 Your charisma was 12 (limit:18).

Final Status:
 You weren't hungry.
 You were burdened; movement was slightly slowed.
 You were empty handed.
 You had basic skill with bare handed combat.

Final Attributes:
 You were piously aligned.
 You were warded.
 Your spell casting was impaired by metallic armor.
 You were fast.
 You are dead.

Miscellaneous:
 You didn't encounter any bones levels.
 Total elapsed playing time was 23 minutes and 49 seconds.

Major events:
 Turn
    1: DiePARTEI the neutral female human Tourist entered the dungeon
 1114: attained the rank of Sightseer (level 3)
 1604: entered the Gnomish Mines
 2092: attained the rank of Excursionist (level 6)
 2140: killed by a Woodland-elf

Spells:
 Name                 Level Category     Fail Retention
 light                  1   divination   100%  76%-100%

Skills:
 Fighting Skills
   bare handed combat [Basic]
   two weapon combat  [Unskilled]
   riding             [Unskilled]
 Weapon Skills
   dagger             [Unskilled]
   knife              [Unskilled]
   axe                [Unskilled]
   pick-axe           [Unskilled]
   short sword        [Unskilled]
   broadsword         [Unskilled]
   long sword         [Unskilled]
   two-handed sword   [Unskilled]
   saber              [Unskilled]
   mace               [Unskilled]
   morning star       [Unskilled]
   flail              [Unskilled]
   hammer             [Unskilled]
   quarterstaff       [Unskilled]
   polearms           [Unskilled]
   spear              [Unskilled]
   trident            [Unskilled]
   lance              [Unskilled]
   bow                [Unskilled]
   sling              [Unskilled]
   crossbow           [Unskilled]
   dart               [Basic]
   shuriken           [Unskilled]
   boomerang          [Unskilled]
   whip               [Unskilled]
   unicorn horn       [Unskilled]
 Spellcasting Skills
   divination spells  [Unskilled]
   enchantment spells [Unskilled]
   escape spells      [Unskilled]

Voluntary challenges:
 Character rerolling was not enabled.
 You never hit with a wielded weapon.
 You never genocided any monsters.
 You never polymorphed an object.
 You never changed form.
 You used no wishes.
Achievements:
 You entered a shop.
 You attained the rank of Sightseer.
 You entered the Gnomish Mines.
 You attained the rank of Excursionist.

 The Dungeons of Doom: levels 1 to 5
    Level 1:
    Level 2:
       A fountain, a sink, some graves.
    Level 3:
       A weapon shop.
    Level 4:
       Stairs down to The Gnomish Mines.
    Level 5:
 The Gnomish Mines: levels 5 to 6
    Level 5:
    Level 6: <- You were here.
       Final resting place for
          you, killed by a Woodland-elf.


Vanquished creatures:
  a dwarf leader
  a Woodland-elf
  3 gnome leaders
  2 elf zombies
  4 dwarves
  a kobold shaman
 an acid blob
  2 coyotes
  a gas spore
  a hobbit
  a large kobold
  a hobgoblin
  a giant rat
  a cave spider
 18 gnomes
  2 geckos
  a fox
  a kobold
  a goblin
  3 sewer rats
  5 lichens
  a kobold zombie
  a newt
54 creatures vanquished.

No species were genocided or became extinct.

Game over:
                       ----------
                      /          \
                     /    REST    \
                    /      IN      \
                   /     PEACE      \
                  /                  \
                  |    DiePARTEI     |
                  |      596 Au      |
                  |   killed by a    |
                  |   Woodland-elf   |
                  |                  |
                  |                  |
                  |       2026       |
                 *|     *  *  *      | *
        _________)/\\_//(\/(/\)/\//\/|_)_______

Aloha DiePARTEI the Tourist...

You died in The Gnomish Mines on dungeon level 6 with 1736 points,
and 596 pieces of gold, after 2140 moves.
You were level 6 with a maximum of 48 hit points when you died.

